Map: Prion Terraces

Players

Harstem

  • Race: Protoss Protoss
  • League: Master

MaSa - Winner!

  • Race: Terran Terran

Event: 2016 WCS Winter Circuit Championship

VOD

Have the link to the VOD?

Description

Time

  • Played on: March 2, 2016, 2:22 p.m.
  • Length: 7:46

All games in this series

Show
View Real Time Build Order
Export as new Build Order

Harstem Protoss 

Build Orders: 1 Gate Expand 

Get SALT Encoding   

  12  0:01  Probe (Chrono Boost)  
  13  0:11  Probe (Chrono Boost)  
  14  0:18  Pylon  
  14  0:22  Probe (Chrono Boost)  
  15  0:36  Probe (Chrono Boost)  
  15  0:37  Gateway  
  16  0:46  Probe (Chrono Boost)  
  16  0:49  Assimilator  
  18  0:57  Probe (Chrono Boost)  
  18  1:07  Probe (Chrono Boost)  
  19  1:20  Nexus  
  19  1:31  Cybernetics Core  
  19  1:35  Probe (Chrono Boost)  
  20  1:42  Assimilator  
  20  1:45  Probe (Chrono Boost)  
  21  1:50  Pylon  
  21  1:58  Zealot (Chrono Boost)  
  25  2:08  Mothership Core (Chrono Boost)  
  25  2:12  Pylon  
  24  2:24  Stalker  
  24  2:43  Probe (Chrono Boost)  
  23  2:54  Stalker (Chrono Boost)  
  23  2:57  Gateway  
  25  2:59  Pylon  
  25  3:04  Probe  
  26  3:18  Robotics Facility  
  24  3:21  Probe  
  25  3:33  Pylon  
  25  3:48  Stalker (Chrono Boost)  
  27  4:01  Stalker (Chrono Boost)  
  24  4:20  Warp Prism (Chrono Boost)  
  25  4:32  Warp Gate (Chrono Boost)  
  25  4:58  Probe  
  26  5:03  Immortal  
  26  5:06  Gateway  
  30  5:10  Probe (Chrono Boost)  
  31  5:21  Probe (Chrono Boost)  
  32  5:32  Probe (Chrono Boost)  
  33  5:42  Probe (Chrono Boost)  
  32  5:46  Immortal (Chrono Boost)  
  36  5:54  Probe  
  37  6:03  Pylon  
  37  6:06  Probe  
  38  6:20  Probe  
  38  6:22  Pylon  
  39  6:29  Gateway  
  39  6:45  Sentry  
  39  6:46  Sentry x2  
  45  6:52  Immortal (Chrono Boost)  
  49  6:55  Pylon  
  49  7:09  Adept  
  49  7:10  Sentry  
  49  7:11  Stalker  
  45  7:30  Adept  
  45  7:34  Adept  
  45  7:35  Adept  
Show
View Real Time Build Order
Export as new Build Order

MaSa Terran - Winner!

Build Orders:  

Get SALT Encoding   

  12  0:00  SCV  
  13  0:13  SCV  
  14  0:17  Supply Depot  
  14  0:25  SCV  
  15  0:39  SCV  
  15  0:40  Barracks  
  16  0:52  Barracks  
  16  0:54  SCV  
  17  1:07  Barracks  
  17  1:08  SCV  
  18  1:16  Supply Depot  
  18  1:20  SCV  
  19  1:27  Marine  
  20  1:35  Orbital Command  
  20  1:39  Marine  
  21  1:45  Marine  
  22  1:54  Marine  
  22  1:56  Marine  
  24  2:02  SCV  
  24  2:03  Marine  
  26  2:09  Bunker  
  26  2:11  Bunker  
  26  2:12  Marine  
  27  2:17  Marine  
  27  2:19  Bunker  
  27  2:21  SCV  
  29  2:34  Marine  
  29  2:40  Supply Depot  
  29  2:44  Marine  
  28  2:47  SCV  
  30  2:51  Marine  
  31  2:59  SCV  
  31  3:00  Supply Depot  
  31  3:01  Marine  
  31  3:02  Marine  
  33  3:09  Marine  
  34  3:15  Command Center  
  34  3:19  Marine  
  35  3:21  Refinery  
  35  3:26  Marine  
  36  3:27  Marine  
  37  3:34  SCV  
  37  3:40  Barracks  
  38  3:49  Barracks  
  38  3:53  Marine  
  39  4:00  SCV  
  39  4:02  Refinery  
  40  4:03  Engineering Bay  
  39  4:12  SCV  
  40  4:19  Barracks Tech Lab  
  39  4:24  SCV  
  39  4:28  Orbital Command  
  38  4:33  Marine x2  
  38  4:35  Marine  
  38  4:36  SCV  
  42  4:40  Marine  
  43  4:45  Stimpack  
  43  4:46  Marine  
  43  4:50  SCV  
  44  4:57  Factory  
  44  4:59  Marine  
  45  5:00  Marine  
  46  5:07  Marine  
  46  5:10  Marine  
  46  5:11  Supply Depot  
  46  5:13  Barracks Tech Lab  
  47  5:15  SCV  
  47  5:16  Marine  
  47  5:18  Marine  
  49  5:26  Supply Depot, Marine  
  50  5:33  SCV  
  50  5:35  Supply Depot  
  49  5:37  Bunker  
  48  5:44  SCV  
  48  5:48  Starport  
  49  5:50  Factory Reactor  
  49  5:55  Marine x2  
  52  5:57  SCV  
  52  6:03  Marine  
  53  6:07  Refinery  
  53  6:13  Supply Depot  
  53  6:15  SCV  
  53  6:16  SCV  
  53  6:17  Missile Turret, Marine  
  56  6:23  Marauder  
  58  6:27  SCV  
  58  6:29  SCV  
  60  6:33  Medivac  
  65  6:40  SCV, Medivac  
  65  6:41  SCV, Marine x2  
  65  6:46  Refinery  
  70  6:47  Marauder  
  70  6:49  Supply Depot, Barracks Reactor  
  70  6:50  Marine  
  70  6:51  Marine  
  70  6:52  SCV  
  70  6:53  SCV  
  74  6:59  Marine  
  75  7:03  Supply Depot  
  75  7:04  SCV  
  75  7:05  SCV  
  75  7:07  Medivac  
  78  7:09  Marine x2  
  78  7:17  SCV  
  78  7:20  Marine x2  
  78  7:21  Marine  
  72  7:26  SCV  
  72  7:27  Marine x2  
  65  7:30  SCV  
Tags
 
Add a new tag
Caveats
  • Supply blocks, unpowered buildings, or Contaminate may cause inaccurate times.
  • Supply counts are checked every 10 seconds.